 Dungeon Crawl Stone Soup version 0.30.0-10-gfe55d96785 (webtiles) character file.

Game seed: 16156883456882376942

186 Irreverend the Ruffian (level 5, 0/53 HPs)
             Began as a Troll Fighter on May 14, 2023.
             Splashed by a jelly's acid (8 damage)
             ... in a sewer.
             The game lasted 00:03:24 (2598 turns).

Irreverend the Ruffian (Troll Fighter)              Turns: 2598, Time: 00:03:25

Health: 0/53       AC: -4    Str: 24    XL:     5   Next: 38%
Magic:  4/4        EV:  8    Int:  6    God:
Gold:   159        SH:  8    Dex:  9    Spells: 4/4 levels left

rFire   . .          .
                       - Unarmed
rCold   . . .        b - +0 kite shield
rNeg    . . .        a - +0 robe
rPois   .            (helmet restricted)
rElec   .            (no cloak)
rCorr   .            (gloves unavailable)
SInv    .            (boots unavailable)
Will    .....        g - amulet of magic regeneration
Stlth   +            (no ring)
HPRegen 1.08/turn    (no ring)
MPRegen 0.49/turn

%: no passive effects
@: corroded
A: large, unfitting armour, claws 3, regeneration 1, shaggy fur 1, tough skin 1
a: no special abilities


You were in a sewer.
You visited 1 branch of the dungeon, and saw 4 of its levels.
You also visited: Sewer.

You collected 159 gold pieces.

Inventory:

Armour
 a - a +0 robe (worn)
 b - a +0 kite shield (worn)
Jewellery
 g - an amulet of magic regeneration (around neck)
Wands
 p - a wand of digging (3)
Scrolls
 e - 4 scrolls of fear {unknown}
 h - a scroll of blinking {unknown}
 l - 2 scrolls of noise {unknown}
 m - 2 scrolls of immolation {unknown}
 n - a scroll of fog {unknown}
Potions
 c - a potion of might
 d - a potion of magic {unknown}
 f - a potion of degeneration {unknown}
 i - 2 potions of heal wounds {unknown}
 j - a potion of lignification {unknown}
 k - a potion of brilliance {unknown}
 o - a potion of attraction {unknown}
 q - a potion of curing {unknown}


   Skills:
 + Level 3.3 Fighting
 - Level 2.4 Dodging
 + Level 3.6 Shields
 * Level 4.2 Unarmed Combat


You had 4 spell levels left.
You didn't know any spells.
Your spell library contained the following spells:

 Spells                   Type           Power      Damage    Failure   Level
 Blink                    Tloc           0%         N/A       85%         2
 Ensorcelled Hibernation  Hex/Ice        0%         N/A       85%         2
 Lesser Beckoning         Tloc           0%         N/A       85%         2
 Momentum Strike          Conj/Tloc      0%         3d8       85%         2
 Spider Form              Tmut/Pois      0%         N/A       97%         3
 Stone Arrow              Conj/Erth      0%         3d7       97%         3
 Anguish                  Hex/Necr       0%         N/A       100%        4
 Animate Armour           Summ/Erth      0%         N/A       100%        4
 Lehudib's Crystal Spear  Conj/Erth      0%         10d2      100%        8


Dungeon Overview and Level Annotations

Branches:
Dungeon (4/15)              Sewer (1/1)
 Temple: D:4-7

Altars:

Shops:
D:1 !


Innate Abilities, Weirdness & Mutations

You are too large for most types of armour.
You have claws for hands.
Your natural rate of healing is unusually fast.
You are covered in fur. (AC +1)
You have tough skin. (AC +1)


Message History

You are too injured to fight recklessly!
You are too injured to fight recklessly!
You are too injured to fight recklessly!
You are too injured to fight recklessly!
You are too injured to fight recklessly!
You are too injured to fight recklessly!
You are too injured to fight recklessly!
You are too injured to fight recklessly!
You are too injured to fight recklessly!
You are too injured to fight recklessly!
You are too injured to fight recklessly!
You are too injured to fight recklessly!
You are too injured to fight recklessly!
You are too injured to fight recklessly!
You are too injured to fight recklessly!
You are too injured to fight recklessly!
You are too injured to fight recklessly!
You are too injured to fight recklessly!
You are too injured to fight recklessly!
You are too injured to fight recklessly!
You scratch the jelly.
Your claws burn!
The jelly is heavily wounded.
The jelly hits you.
You are splashed with acid!
* * * LOW HITPOINT WARNING * * *
You scratch the jelly.
Your claws burn!
* * * LOW HITPOINT WARNING * * *
The jelly is severely wounded.
The jelly barely misses you.
You scratch the jelly.
Your claws burn!
* * * LOW HITPOINT WARNING * * *
The jelly is almost dead.
The jelly jiggles.
The jelly closely misses you.
You scratch the jelly.
Your claws burn!
* * * LOW HITPOINT WARNING * * *
The jelly is almost dead.
The jelly hits you.
* * * LOW HITPOINT WARNING * * *
You are splashed with acid!
You die...

~~..~~...##
###..~..~.~.
.~~~.~#...##
..##..#######
~##~.~##~~.##~~##..#
#~.~ ##..~...##..#
#~~#
#~.~~.###~.#######
#~~ ##~.####
#.....~..~
#~..###~~~#
#..~...~..
#∩~~.~~~~#
##########
##~~~.J@## ####~†##
#.. #~.~ ~~..# ...~#
#~.~. #.~.~


You could see a jelly.

Vanquished Creatures
  A jelly (Sewer)
  Robin (D:3)
  4 adders (D:2)
  2 worms (D:3)
  A dart slug (D:1)
  An orc (D:3)
  7 bats
  18 endoplasms
  7 giant cockroaches
  13 goblins
  8 hobgoblins
  A kobold (D:1)
  A quokka (D:2)
  10 ball pythons
  2 frilled lizards
  15 rats
92 creatures vanquished.

Notes
Turn   | Place    | Note
-------+----------+-------------------------------------------
     0 | D:1      | Irreverend the Troll Fighter began the quest for the Orb.
     0 | D:1      | Reached XP level 1. HP: 22/22 MP: 0/0
   417 | D:1      | Reached XP level 2. HP: 29/29 MP: 1/1
   617 | D:1      | Found Qut Veen's Distillery.
   858 | D:2      | Found a faded altar of an unknown god.
   867 | D:2      | Reached XP level 3. HP: 36/36 MP: 2/2
   877 | D:2      | Reached skill level 3 in Unarmed Combat
  1200 | D:2      | Reached XP level 4. HP: 44/44 MP: 3/3
  1531 | D:3      | Noticed Robin
  1549 | D:3      | Killed Robin
  2465 | D:4      | Found a glowing drain.
  2486 | Sewer    | Entered a sewer
  2501 | Sewer    | Reached XP level 5. HP: 53/53 MP: 4/4
  2546 | Sewer    | Reached skill level 4 in Unarmed Combat
  2598 | Sewer    | Splashed by a jelly's acid

Illustrated notes

Levels and vault maps discovered:
D:1:      saegor_arrival_simple_a, layout_loops_corners, serial_shops,
          nicolae_shop_tiny_statue_garden
D:2:      layout_basic, nicolae_ecumenical_snake_handling, kennysheep_path_1,
          st_stairs_11, minmay_hedge_maze, corexii_corridor_pit
D:3:      layout_basic, uniq_robin
D:4:      layout_basic, mainiacjoe_overflow_paths, portal_sewer_entry_b,
          chequers_serial_rivers_micro_b, uniq_menkaure
Sewer:    sewer_hellmonk_slimy_pipes

Skill      XL: |  1  2  3  4  5 |
---------------+----------------+-----
Shields        | 3 |  3.6
Unarmed Combat | 3 4 |  4.2
Fighting       | 3 |  3.3
Dodging        | |  2.4

Action                     |  1- 3 |  4- 6 || total
---------------------------+-------+-------++-------
  Melee: Unarmed           |    90 |   130 ||   220
 Armour: Robe              |    22 |    46 ||    68
  Dodge: Dodged            |    24 |    45 ||    69
  Block: Kite shield       |    32 |    66 ||    98
